 Dungeon Crawl Stone Soup version 0.25-a0-992-gca090100c3 (webtiles) character file.

Game seed: 16534892111766131101, levelgen mode: deterministic

0 Esekla the Skirmisher (level 1, -7/18 HPs)
             Began as a Formicid Abyssal Knight on May 11, 2020.
             Was a Follower of Lugonu.
             Mangled by a hellwing (12 damage)
             ... on level 1 of the Abyss.
             The game lasted 00:00:39 (81 turns).

Esekla the Skirmisher (Formicid Abyssal Knight)       Turns: 81, Time: 00:00:40

Health: -7/18      AC:  3    Str: 16    XL:     1   Next: 0%
Magic:  2/2        EV: 11    Int: 11    God:    Lugonu [*.....]
Gold:   0          SH:  0    Dex: 10    Spells: 0/0 levels left

rFire    . . .     SeeInvis +   a - +1 falchion
rCold    . . .     Gourm    .   (no shield)
rNeg     . . .     Faith    .   b - +0 leather armour
rPois    .         Spirit   .   (helmet unavailable)
rElec    .         Reflect  .   (no cloak)
rCorr    .         Harm     .   (no gloves)
MR       .....                  (no boots)
Stlth    +.........             (no amulet)
HPRegen  0.06/turn              (no ring)
MPRegen  0.08/turn              (no ring)

@: no status effects
A: permanent stasis, dig shafts and tunnels, four strong arms, antennae 3
a: Dig, Shaft Self, Depart the Abyss, Renounce Religion


You were on level 1 of the Abyss.
You worshipped Lugonu.
Lugonu was aware of your devotion.
You were not hungry.

You visited 0 branches of the dungeon, and saw 0 of its levels.
You visited the Abyss 1 time.

Inventory:

Hand Weapons
 a - a +1 falchion (weapon)
Armour
 b - a +0 leather armour (worn)
Scrolls
 f - a scroll of identify {unknown}
Potions
 d - 2 potions of invisibility {unknown}
 e - a potion of cancellation {unknown}
Comestibles
 c - a ration


   Skills:
 * Level 3.2 Fighting
 + Level 2.0 Long Blades
 + Level 2.1 Armour
 + Level 0.8 Dodging
 + Level 2.1 Invocations


You couldn't memorise any spells.
You didn't know any spells.
Your spell library was empty.

Dungeon Overview and Level Annotations

Branches:
Dungeon (0/15)

Altars:


Innate Abilities, Weirdness & Mutations

You cannot be hasted, slowed, berserked, paralysed or teleported.
You can dig through walls and to a lower floor.
Your four strong arms can wield two-handed weapons with a shield.
You have a pair of large antennae on your head. (SInv)


Message History

Found a sapphire potion. 2 starspawn tentacles come into view.
The hellwing swoops through the air toward you!
The hellwing closely misses you.
You riposte.
You hit the hellwing but do no damage. The hellwing hits you.
Found a scroll labeled PILASA IWAUCYE.
You see here a sapphire potion.
e - a sapphire potion The hellwing barely misses you.
You riposte.
You hit the hellwing but do no damage. The hellwing hits you.
The hellwing completely misses you. The hellwing barely misses you.
The hellwing barely misses you.
You riposte.
You hit the hellwing.
The hellwing is lightly wounded.
The hellwing hits you.
* * * LOW HITPOINT WARNING * * *
You see here a scroll labeled PILASA IWAUCYE.
f - a scroll labeled PILASA IWAUCYE The hellwing hits you!
Ouch! That really hurt!
You die...

# #. .#. .#.....##
...... .... ...####
..#... . ..###... .
#...§# ..##.#.. # {
## ## ##§.#.#..#.##.#
.###...###{.##.#...#
..#...#.§.#.#X.4@#
.......D.........# ..
....####......# .
##...###.#.##..... {
## ##{##§.### ..#...#
.###...###...#####..#
..#w .. #.....# #...
.D............# ...
..#.....#.....##


You could see a large abomination and a hellwing.

Vanquished Creatures (others)
  4 starspawn tentacles (Abyss:1)
4 creatures vanquished.

Notes
Turn   | Place    | Note
-------+----------+-------------------------------------------
     0 | Abyss:1  | Esekla the Formicid Abyssal Knight began the quest for the
                  | Orb.
     0 | Abyss:1  | Reached XP level 1. HP: 18/18 MP: 2/2
    24 | Abyss:1  | Noticed a large abomination
    53 | Abyss:1  | Noticed a hellwing
    56 | Abyss:1  | Noticed a tentacled starspawn
    57 | Abyss:1  | Noticed a bone dragon
    81 | Abyss:1  | Mangled by a hellwing

Illustrated notes

Levels and vault maps discovered:
Abyss:1:  minivault_25_ag, hangedman_stitches_earthworm, minivault_5,
          evilmike_abyss_exit_15

Action                   || total
-------------------------++-------
Dodge: Dodged            ||     6
       Rpst.: Falchion   ||     3

Table legend:
 A = Non-vault XP
 B = Vault XP
 C = Vault XP percentage of total XP
 D = Non-vault monster count
 E = Vault monster count
 F = Vault count percentage of total count
                 A         B        C        D         E       F
            +---------+---------+-------+---------+---------+-------
      Total |       0 |       0 |   N/A |       0 |       0 |  -nan
            +---------+---------+-------+---------+---------+-------
            +---------+---------+-------+---------+---------+-------
